 Dungeon Crawl Stone Soup version 0.27.1-34-g3ba077fa99 (webtiles) character file.

Game seed: 689973162373256543

79 zeram the Covered (level 4, -2/42 HPs)
             Began as a Gargoyle Fighter on Jan 1, 2022.
             Slain by an orc (3 damage)
             ... on level 3 of the Dungeon.
             The game lasted 00:04:03 (2306 turns).

zeram the Covered (Gargoyle Fighter)                Turns: 2306, Time: 00:04:03

Health: -2/42      AC: 10    Str: 21    XL:     4   Next: 37%
Magic:  4/4        EV:  7    Int:  8    God:
Gold:   70         SH:  9    Dex:  9    Spells: 3/3 levels left

rFire    . . .     SeeInvis .   e - +1 mace (vorpal)
rCold    . . .     Faith    .   c - +0 kite shield
rNeg     + . .     Spirit   .   b - +0 scale mail
rPois    ∞         Reflect  .   (no helmet)
rElec    +         Harm     .   (no cloak)
rCorr    .         Rampage  .   (no gloves)
Will     .....                  (no boots)
Stlth    ..........             (no amulet)
HPRegen  0.14/turn              (no ring)
MPRegen  0.09/turn              (no ring)

@: berserking (expiring), very quick
A: sickness immunity, AC +3, negative energy resistance 1, electricity
resistance, torment resistance 1, petrification resistance
a: no special abilities


You were on level 3 of the Dungeon.
You visited 1 branch of the dungeon, and saw 3 of its levels.

You collected 70 gold pieces.

Inventory:

Hand Weapons
 a - a +0 flail
 e - a +1 vorpal mace (weapon)
Armour
 b - a +0 scale mail (worn)
 c - a +0 kite shield (worn)
Jewellery
 f - a ring of flight
Scrolls
 g - a scroll of vulnerability
 h - a scroll of silence
Potions
 d - a potion of might
 j - a potion of resistance


   Skills:
 - Level 3.2 Fighting
 + Level 3.2 Maces & Flails
 + Level 4.3 Armour
 + Level 0.4 Dodging
 + Level 3.6 Shields


You had 3 spell levels left.
You didn't know any spells.
Your spell library contained the following spells:

 Spells                   Type           Power      Damage    Failure   Level
 Animate Skeleton         Necr           0%         N/A       99%         1
 Pain                     Necr           0%         1d4       99%         1
 Vampiric Draining        Necr           0%         2d6       100%        3


Dungeon Overview and Level Annotations

Branches:
Dungeon (3/15)

Altars:

Shops:
D:1 *


Innate Abilities, Weirdness & Mutations

You are immune to sickness and miasma.
Your stone body is resilient. (AC +3)
You are immune to poison.
You resist negative energy. (rN+)
You are resistant to electric shocks. (rElec)
You are resistant to unholy torment.
You are immune to petrification.


Message History

You pick up a book of Necromancy and begin reading...
You add the spells Pain, Animate Skeleton and Vampiric Draining to your library.
An orc and an orc priest come into view.
The orc shouts!
The orc priest shouts!
There are monsters nearby!
There are monsters nearby!
There are monsters nearby!
There are monsters nearby!
An orc comes into view.
It is wielding a +1 hand axe of freezing.
The orc priest looks encouraged for a moment.
An orc comes into view. It is wielding a +0 whip.
An orc wizard comes into view. It is wielding a +0 dagger.
The orc shouts!
The orc wizard shouts!
The orc wizard casts a spell at you. The magic dart hits you!
The orc priest casts a cantrip, but nothing happens.
The orc wizard gestures wildly while chanting.
The orc wizard flickers and vanishes!
Deactivating autopickup; reactivate with Ctrl-A.
The orc priest calls down the wrath of Beogh upon you.
Beogh smites you!
Ouch! That really hurt!
* * * LOW HITPOINT WARNING * * *
Okay, then.
It was a potion of berserk rage.
A red film seems to cover your vision as you go berserk!
You feel yourself moving faster!
You feel mighty!
You feel a strong urge to attack something.
You barely miss the orc priest.
The orc priest hits you but does no damage.
You closely miss the orc priest. The orc priest closely misses you.
You barely miss the orc priest.
The orc priest hits you but does no damage.
You block the orc's attack.
You closely miss the orc priest.
The orc priest hits you but does no damage.
The orc hits you with a +1 hand axe of freezing.
* * * LOW HITPOINT WARNING * * *
The orc freezes you.
You die...

+#######.#.#.##+#....
.............# #.#.#
....#####.)### ###.#
. #..#
.......#.########
..####.#.........
..##o####### #.. #o#
#.. #@#


#oo #o## ###..##..## ..........# ......o...# ..........# ...........#
.o{..####..# ..... ..# You could see an orc priest and 3 orcs.

Vanquished Creatures
  An adder (D:2)
  2 dart slugs
  An orc (D:3)
  6 ball pythons
  5 endoplasms
  A giant cockroach (D:2)
  7 hobgoblins
  9 jackals (D:1)
  6 kobolds
  2 quokkas (D:1)
  5 bats
  A frilled lizard (D:2)
  5 goblins
  5 rats
56 creatures vanquished.

Notes
Turn   | Place    | Note
-------+----------+-------------------------------------------
     0 | D:1      | zeram the Gargoyle Fighter began the quest for the Orb.
     0 | D:1      | Reached XP level 1. HP: 14/14 MP: 1/1
    20 | D:1      | Reached XP level 2. HP: 16/19 MP: 2/2
   800 | D:1      | Reached XP level 3. HP: 23/23 MP: 3/3
   830 | D:1      | Reached skill level 4 in Armour
   930 | D:1      | Found a faded altar of an unknown god.
  1325 | D:1      | Found Foydaquo's Assorted Antiques.
  1749 | D:2      | Reached XP level 4. HP: 28/28 MP: 4/4
  2306 | D:3      | HP: 1/42 [orc (6)]
  2306 | D:3      | Slain by an orc

Illustrated notes

Levels and vault maps discovered:
D:1:      amcnicky_arrival_blooded_trapdoor, layout_basic,
          chequers_ecumenical_altar_grove, serial_shops,
          nicolae_shop_temple_entry_statues_fountains
D:2:      layout_basic, hangedman_decor_clover_reticule
D:3:      layout_basic, mainiacjoe_overflow_boulevard,
          mainiacjoe_overflow_six_doors_small, uniq_terence

Skill      XL: |  1  2  3 |
---------------+----------+-----
Armour         | 4 |  4.3
Maces & Flails | 3 |  3.2
Fighting       | |  3.2
Dodging        | |  0.4
Shields        | |  3.6

Action                   |  1- 3 |  4- 6 || total
-------------------------+-------+-------++-------
Melee: Flail             |    66 |       ||    66
       Mace              |    64 |    27 ||    91
  Use: Scroll            |     3 |     2 ||     5
       Potion            |       |     1 ||     1
Armor: Scale mail        |   102 |    11 ||   113
Dodge: Dodged            |    64 |    10 ||    74
Block: Kite shield       |    83 |    11 ||    94
